Map: Orbital Shipyard

Players

Miszu - Winner!

  • Race: Terran Terran
  • League: Grandmaster

BloodViking

  • Race: Terran Terran
  • League: Master

VOD

Have the link to the VOD?

Description

Time

  • Played on: Feb. 13, 2016, 4:44 p.m.
  • Length: 12:02
Show
View Real Time Build Order
Export as new Build Order

Miszu Terran - Winner!

Build Orders: Bio Tank 

Get SALT Encoding   

  12  0:00  SCV  
  13  0:13  SCV  
  14  0:17  Supply Depot  
  14  0:25  SCV  
  15  0:39  SCV  
  16  0:47  Barracks  
  16  0:48  Refinery  
  16  0:51  SCV  
  17  1:03  SCV  
  18  1:15  SCV  
  20  1:34  Orbital Command  
  20  1:35  Barracks Reactor  
  19  1:41  Command Center  
  19  1:49  Supply Depot  
  19  2:00  SCV  
  20  2:12  Marine  
  20  2:13  Marine, SCV  
  23  2:16  Factory  
  23  2:22  Refinery  
  23  2:28  SCV  
  24  2:30  Marine x2  
  26  2:40  SCV  
  27  2:48  Marine x2  
  29  2:52  SCV  
  29  2:54  Orbital Command  
  30  3:00  Starport, Widow Mine  
  32  3:06  Marine x2  
  32  3:08  SCV  
  35  3:19  SCV  
  36  3:20  SCV  
  36  3:24  Marine x2  
  36  3:25  Supply Depot  
  39  3:32  SCV  
  39  3:33  SCV  
  41  3:35  Factory Tech Lab  
  41  3:36  Medivac  
  43  3:44  Marine x2, SCV  
  43  3:46  SCV  
  43  3:48  Supply Depot  
  47  3:56  SCV  
  47  4:00  SCV  
  49  4:03  Marine x2  
  49  4:08  SCV  
  52  4:11  Supply Depot  
  52  4:12  SCV  
  52  4:15  Viking, Siege Tank  
  58  4:20  SCV  
  59  4:24  Marine, SCV  
  59  4:25  Marine  
  62  4:33  Supply Depot, SCV  
  62  4:36  SCV  
  64  4:42  Marine x2  
  64  4:45  SCV  
  61  4:48  SCV  
  61  4:51  Siege Tank  
  61  4:56  Supply Depot  
  61  4:57  SCV  
  61  4:59  Command Center  
  62  5:00  Marine, SCV  
  62  5:02  Starport Reactor  
  64  5:07  Refinery  
  64  5:08  Refinery  
  64  5:09  SCV  
  64  5:13  SCV  
  66  5:19  Supply Depot  
  67  5:21  SCV  
  67  5:25  SCV  
  67  5:27  Siege Tank  
  71  5:32  Barracks  
  71  5:33  SCV  
  71  5:34  Barracks  
  72  5:37  SCV  
  73  5:43  Supply Depot  
  73  5:45  Supply Depot, SCV  
  73  5:49  SCV  
  72  5:55  Marine  
  71  6:02  SCV x2  
  73  6:04  Marine, Siege Tank  
  73  6:11  Engineering Bay x2, Orbital Command  
  77  6:14  Barracks  
  77  6:16  Barracks  
  77  6:17  SCV  
  77  6:18  SCV  
  79  6:22  Barracks Tech Lab x2  
  79  6:28  Supply Depot  
  79  6:29  SCV  
  79  6:30  Supply Depot, SCV  
  81  6:37  Terran Infantry Armor Level 1, Orbital Command  
  81  6:39  Terran Infantry Weapons Level 1  
  81  6:41  SCV  
  81  6:42  SCV  
  81  6:45  Siege Tank  
  86  6:49  Combat Shields  
  86  6:50  Stimpack  
  86  6:51  Medivac  
  86  6:53  Medivac  
  90  6:57  SCV x2  
  92  7:03  SCV  
  93  7:09  SCV x2  
  93  7:10  Marine x2  
  93  7:11  Barracks Reactor x2  
  93  7:15  SCV  
  98  7:18  Refinery  
  98  7:19  Refinery, Marine x2  
  98  7:21  Siege Tank, SCV x2  
  105  7:27  Medivac x2, SCV  
  105  7:28  Marine x2  
  112  7:33  SCV  
  112  7:34  SCV, Armory  
  114  7:37  Marine  
  114  7:41  Marine  
  114  7:43  Supply Depot  
  114  7:44  Supply Depot  
  116  7:45  Marine  
  116  7:49  Factory  
  117  7:52  Marine  
  117  7:53  Marine x4, Siege Tank  
  117  7:55  Marine  
  126  7:58  Medivac  
  126  7:59  Marine  
  126  8:03  Marine  
  130  8:07  Supply Depot  
  130  8:09  Supply Depot  
  130  8:10  Marine x2  
  130  8:11  Marine x3  
  135  8:12  Marine  
  135  8:17  Marine  
  135  8:19  Sensor Tower  
  137  8:20  Sensor Tower  
  137  8:21  Supply Depot, Marine  
  138  8:28  Marine x5  
  138  8:30  Marine, Medivac x2, Siege Tank  
  150  8:35  Marine  
  150  8:37  Factory Tech Lab  
  150  8:39  Marine  
  152  8:46  Marine  
  134  8:57  Marine  
  134  8:58  Marine x4  
  134  9:00  Marine x2  
  134  9:01  Hellion  
  134  9:02  Siege Tank  
  144  9:03  Marine  
  142  9:15  Marine  
  142  9:16  Marine x4  
  147  9:17  Terran Infantry Weapons Level 2  
  147  9:18  Terran Infantry Armor Level 2, Marine, Command Center  
  147  9:22  Marine, Siege Tank  
  152  9:27  Terran Vehicle Weapons Level 1  
  152  9:29  SCV  
  153  9:34  Siege Tank  
  156  9:42  Marine x8  
  156  9:44  Medivac  
  156  9:45  Medivac  
  171  10:04  Marine x8  
  138  10:20  Siege Tank  
  138  10:21  Marine, Siege Tank  
  137  10:22  Marine x7  
  145  10:39  Marine  
  145  10:40  Marine x6  
  145  10:41  Marine, Medivac x2  
  157  10:53  Siege Tank  
  153  10:58  SCV  
  153  11:01  Marine  
  153  11:02  Marine x6, Siege Tank  
  164  11:07  Marine  
  164  11:10  Supply Depot  
  165  11:11  Medivac x2  
  165  11:14  Barracks  
  165  11:15  Barracks  
  169  11:19  Marine  
  169  11:20  Marine x3  
  169  11:25  Marine x2  
  174  11:26  Siege Tank  
Show
View Real Time Build Order
Export as new Build Order

BloodViking Terran 

Build Orders: Bio Tank 

Get SALT Encoding   

  12  0:01  SCV  
  13  0:13  SCV  
  14  0:18  Supply Depot  
  14  0:25  SCV  
  15  0:40  SCV  
  16  0:43  Barracks  
  16  0:46  Refinery  
  16  0:52  SCV  
  17  1:04  SCV  
  18  1:16  SCV  
  19  1:30  Orbital Command  
  19  1:31  Barracks Reactor  
  19  1:43  Command Center  
  19  1:52  Supply Depot  
  19  1:56  SCV  
  20  2:07  Marine x2  
  20  2:08  SCV  
  23  2:16  Factory  
  23  2:20  SCV  
  24  2:24  Refinery  
  24  2:27  Marine x2  
  26  2:32  SCV  
  27  2:44  SCV  
  27  2:45  Marine x2  
  30  2:55  Orbital Command  
  30  2:56  SCV  
  31  3:01  Starport  
  31  3:05  Marine x2  
  31  3:08  SCV  
  34  3:14  Factory Tech Lab  
  34  3:20  Supply Depot, SCV  
  34  3:22  SCV  
  34  3:24  Marine  
  34  3:25  Marine  
  38  3:32  SCV  
  39  3:35  SCV  
  39  3:39  Medivac  
  42  3:43  Supply Depot  
  42  3:44  SCV  
  42  3:45  Marine, Cyclone  
  42  3:47  Marine  
  48  3:49  SCV  
  49  3:57  SCV  
  49  4:01  SCV  
  51  4:05  Marine  
  51  4:06  Marine  
  51  4:07  Supply Depot  
  51  4:09  SCV  
  54  4:11  Viking  
  56  4:24  SCV x2  
  56  4:26  Marine, Siege Tank  
  56  4:28  Marine  
  56  4:30  Supply Depot  
  63  4:37  SCV x2  
  65  4:49  SCV  
  65  4:50  Marine x2  
  65  4:51  SCV  
  69  4:54  Supply Depot  
  69  5:01  SCV  
  69  5:03  SCV  
  69  5:04  Starport Reactor  
  71  5:08  Command Center  
  71  5:13  SCV  
  72  5:15  SCV  
  72  5:16  Barracks x2  
  73  5:23  Refinery  
  73  5:25  SCV  
  73  5:26  Marine x2  
  76  5:30  Supply Depot  
  76  5:33  Siege Tank  
  76  5:34  SCV  
  80  5:39  SCV  
  75  5:54  SCV x2  
  75  5:56  Refinery  
  75  6:00  Supply Depot  
  75  6:03  Barracks  
  75  6:05  Engineering Bay, Barracks  
  75  6:06  Engineering Bay, SCV  
  75  6:07  Barracks Tech Lab x2  
  75  6:08  SCV  
  77  6:12  Marine  
  77  6:13  Marine  
  79  6:18  SCV  
  79  6:21  Orbital Command  
  79  6:24  Supply Depot  
  80  6:26  Combat Shields  
  80  6:27  Marine x2, Stimpack  
  80  6:28  Siege Tank  
  80  6:30  Marine x2, SCV  
  88  6:36  SCV  
  88  6:37  Orbital Command  
  89  6:41  Terran Infantry Weapons Level 1, Terran Infantry Armor Level 1  
  89  6:47  Missile Turret  
  89  6:49  Missile Turret  
  89  6:54  Barracks Reactor  
  89  6:55  Barracks Reactor  
  89  6:56  Missile Turret  
  89  6:57  Supply Depot, Missile Turret  
  89  6:58  SCV x2  
  91  7:01  Marine x3  
  91  7:02  Marine  
  91  7:05  SCV  
  96  7:10  SCV x2  
  96  7:12  Medivac, Siege Tank  
  96  7:14  Medivac  
  105  7:17  SCV  
  106  7:23  Marine x2  
  106  7:24  Supply Depot, Marine x2  
  106  7:26  SCV x2  
  106  7:29  SCV  
  113  7:32  Armory  
  113  7:35  Marine  
  113  7:36  Marine x3  
  117  7:39  SCV x2  
  117  7:41  Marine x2  
  117  7:43  Refinery x2  
  121  7:46  Supply Depot  
  121  7:47  Siege Tank  
  121  7:50  Supply Depot  
  124  7:51  SCV x2  
  124  7:54  Marine x3  
  124  7:55  Barracks Reactor, Marine x2  
  131  7:59  Marine x2  
  131  8:00  Medivac  
  135  8:09  Factory  
  135  8:12  Marine  
  136  8:15  Marine x3  
  136  8:16  Supply Depot, Marine  
  136  8:17  Supply Depot, Marine, Medivac  
  136  8:18  SCV  
  144  8:22  Marine  
  143  8:30  Marine  
  143  8:31  Marine x2  
  143  8:33  Marine  
  147  8:35  Marine x3  
  147  8:40  Marine  
  147  8:41  Marine  
  130  8:49  Marine x3  
  130  8:53  Marine x3  
  130  8:55  Marine  
  120  8:56  Medivac x2  
  120  8:58  Marine x2, Siege Tank  
  127  9:06  Marine  
  127  9:07  Marine x2  
  130  9:11  Marine x3  
  130  9:12  Terran Infantry Armor Level 2, Terran Infantry Weapons Level 2  
  130  9:14  Marine  
  130  9:15  Supply Depot  
  130  9:16  Supply Depot, Marine x2, Siege Tank  
  139  9:24  Marine x3  
  139  9:29  Marine x3, Medivac  
  139  9:30  Medivac  
  139  9:31  Command Center  
  149  9:32  Marine  
  149  9:34  Marine x2  
  152  9:41  Sensor Tower, Missile Turret  
  152  9:42  Marine x3, Terran Vehicle Weapons Level 1  
  152  9:43  Supply Depot  
  152  9:45  Supply Depot  
  155  9:46  Marine  
  155  9:47  Marine x2  
  155  9:50  Marine  
  155  9:51  Siege Tank  
  155  9:52  Marine  
  162  9:55  Marine  
  158  10:00  Marine  
  122  10:08  Marine x6  
  122  10:09  Siege Tank  
  115  10:17  Marine x2  
  115  10:18  Marine, Medivac  
  117  10:23  Siege Tank, SCV x2  
  117  10:24  Refinery, Command Center  
  117  10:26  Marine x2  
  124  10:29  Marine x4  
  124  10:34  Marine  
  124  10:35  Marine, Medivac  
  132  10:36  Marine  
  133  10:43  Marine  
  133  10:44  Marine, Siege Tank  
  133  10:47  Marine x4  
  142  10:56  Marine x3  
  131  10:57  Siege Tank  
  131  11:01  Marine x2  
  135  11:04  Marine  
  135  11:05  Marine x3  
  138  11:14  Marine x3, Medivac  
  143  11:19  Marine x2  
  143  11:22  Marine x3  
  143  11:23  Marine  
  143  11:24  Siege Tank  
  152  11:32  Marine x3  
  155  11:37  Marine x2  
  157  11:40  Marine x2  
Tags
 
Add a new tag
Caveats
  • Supply blocks, unpowered buildings, or Contaminate may cause inaccurate times.
  • Supply counts are checked every 10 seconds.